Map: 어스름 탑

Players

영준농원

  • Race: Protoss Protoss
  • League: Master

llllllllllll (Scarlett) - Winner!

  • Race: Zerg Zerg
  • League: Grandmaster

VOD

Have the link to the VOD?

Description

Time

  • Played on: April 13, 2016, 6:41 a.m.
  • Length: 7:10
Show
View Real Time Build Order
Export as new Build Order

영준농원 Protoss 

Build Orders: Nexus First 

Get SALT Encoding   

  12  0:01  Probe (Chrono Boost)  
  13  0:11  Probe (Chrono Boost)  
  14  0:17  Pylon  
  14  0:22  Probe (Chrono Boost)  
  15  0:35  Probe (Chrono Boost)  
  16  0:46  Probe (Chrono Boost)  
  17  0:57  Nexus  
  17  1:00  Probe (Chrono Boost)  
  18  1:10  Gateway  
  18  1:13  Probe (Chrono Boost)  
  18  1:18  Assimilator  
  19  1:23  Probe (Chrono Boost)  
  20  1:25  Assimilator  
  20  1:34  Probe (Chrono Boost)  
  20  1:35  Pylon  
  21  1:45  Probe (Chrono Boost)  
  22  1:55  Probe (Chrono Boost)  
  22  1:56  Cybernetics Core  
  22  1:58  Zealot  
  25  2:06  Probe (Chrono Boost)  
  26  2:09  Probe (Chrono Boost)  
  27  2:16  Probe (Chrono Boost)  
  27  2:20  Probe (Chrono Boost)  
  29  2:27  Probe (Chrono Boost)  
  30  2:30  Probe (Chrono Boost)  
  30  2:33  Robotics Facility, Warp Gate  
  31  2:37  Probe (Chrono Boost)  
  31  2:40  Probe (Chrono Boost)  
  31  2:42  Adept (Chrono Boost)  
  35  2:49  Mothership Core  
  35  2:50  Probe  
  37  2:57  Pylon  
  38  3:00  Probe  
  38  3:05  Adept (Chrono Boost)  
  39  3:10  Probe  
  39  3:11  Probe  
  43  3:19  Warp Prism (Chrono Boost)  
  45  3:22  Probe  
  45  3:23  Twilight Council, Probe  
  45  3:26  Adept  
  47  3:33  Pylon  
  50  3:34  Probe  
  50  3:38  Gateway  
  50  3:48  Immortal (Chrono Boost)  
  50  3:53  Gateway  
  54  3:59  Charge (Chrono Boost)  
  54  4:03  Gateway  
  54  4:10  Gateway  
  54  4:12  Pylon  
  54  4:20  Immortal  
  54  4:25  Gateway  
  58  4:36  Gateway  
  58  4:39  Sentry, Gateway  
  58  4:40  Zealot  
  58  4:45  Pylon  
  62  4:48  Pylon  
  62  4:54  Pylon  
  62  4:57  Zealot  
  62  4:59  Sentry  
  66  5:10  Pylon  
  66  5:16  Pylon  
  66  5:24  Sentry, Zealot x2  
  66  5:25  Zealot x2  
  76  5:34  Sentry, Zealot  
  80  5:35  Zealot  
  82  5:47  Zealot  
  82  5:48  Zealot x4  
  92  5:54  Sentry  
  94  5:57  Zealot x2  
  98  6:10  Zealot x4  
  98  6:11  Zealot  
  98  6:28  Sentry, Zealot x4  
  94  6:43  Zealot x3  
  94  6:49  Zealot x3  
  94  6:50  Zealot  
  78  6:55  Zealot  
  60  7:04  Zealot  
  60  7:05  Zealot x2  
Show
View Real Time Build Order
Export as new Build Order

llllllllllll Zerg - Winner!

Build Orders: Hatch First 

Get SALT Encoding   

  12  0:02  Drone  
  13  0:08  Drone  
  14  0:17  Overlord  
  14  0:22  Extractor  
  14  0:23  Drone  
  15  0:36  Drone x2  
  17  0:51  Hatchery  
  17  0:54  Drone  
  17  0:57  Drone  
  18  1:04  Extractor  
  18  1:06  Drone  
  18  1:16  Spawning Pool  
  18  1:18  Drone  
  18  1:28  Drone  
  19  1:39  Drone  
  20  1:46  Hatchery  
  19  1:51  Drone  
  20  2:03  Drone  
  20  2:04  Queen  
  20  2:05  Drone  
  24  2:11  Metabolic Boost  
  24  2:15  Drone  
  25  2:20  Overlord  
  25  2:24  Zergling x2  
  26  2:30  Drone  
  26  2:36  Drone  
  28  2:40  Queen, Drone  
  31  2:46  Queen  
  31  2:50  Overlord  
  33  2:54  Drone  
  33  2:56  Drone  
  35  3:00  Pneumatized Carapace  
  35  3:04  Drone  
  36  3:05  Drone  
  36  3:06  Drone  
  36  3:11  Drone x2  
  40  3:17  Drone x2  
  42  3:21  Drone  
  42  3:23  Queen  
  42  3:26  Overlord  
  45  3:32  Zergling x2  
  45  3:33  Zergling x6  
  49  3:36  Drone  
  49  3:41  Evolution Chamber, Drone  
  49  3:48  Overlord, Drone x3  
  53  3:59  Drone  
  53  4:00  Drone x4  
  58  4:04  Roach Warren  
  57  4:11  Drone x5  
  57  4:14  Zerg Missile Weapons Level 1  
  57  4:16  Extractor  
  57  4:17  Extractor  
  60  4:20  Overlord  
  60  4:21  Drone x2  
  62  4:25  Overlord  
  62  4:27  Drone  
  62  4:28  Drone x3  
  66  4:31  Overlord  
  65  4:47  Overlord  
  65  4:49  Roach x6  
  77  4:56  Overlord  
  77  4:59  Extractor, Drone x2  
  79  5:00  Drone x2  
  79  5:01  Drone  
  79  5:02  Drone  
  79  5:03  Overlord x2  
  79  5:05  Roach  
  84  5:10  Roach, Lair  
  84  5:13  Roach x2  
  90  5:16  Zergling x6  
  93  5:23  Ravager  
  93  5:24  Overlord  
  93  5:26  Zergling x2  
  96  5:28  Zergling x6  
  96  5:29  Zergling x2  
  96  5:32  Roach  
  96  5:35  Zergling x2, Ravager  
  103  5:39  Ravager  
  103  5:40  Roach  
  109  5:42  Roach, Zergling x2  
  109  5:43  Zergling x4  
  109  5:49  Roach  
  113  5:54  Roach x2, Queen x2  
  113  5:55  Roach  
  123  5:58  Roach x3, Zergling x2  
  123  6:02  Overlord x2  
  130  6:07  Evolution Chamber  
  129  6:12  Overlord, Zergling x2  
  129  6:13  Overlord  
  130  6:22  Roach  
  130  6:23  Roach x5  
  133  6:32  Ravager  
  130  6:36  Roach x3  
Tags
 
Add a new tag
Caveats
  • Supply blocks, unpowered buildings, or Contaminate may cause inaccurate times.
  • Supply counts are checked every 10 seconds.